cohdb
Replays
Latest Replays
All Replays
Popular Replays
Top Player Replays
Match Explorer
How It Works
Community
CoH3 Stats
Reddit
Sign in to upload your games and track your stats! →
Sign in with Steam
Match 46640277
Unlisted
Match 46640277
Overview
Messages
Build Orders
End
Construct Section Command Post
Selects Canadian Shock Battlegroup
Infantry Section
Infantry Section
Infantry Section
Selects Incendiary Munitions
Grenade Package
Construct Field Infirmary
Royal Engineer Section
AI Takeover
Angrybirds
Give ma Life 4 Pakistannn
Komi-san
Павел NF
0
0
Comments
sign in to comment!
No comments posted yet!